Workbook
Name ColumnTitle3: Deudas[[#Headers],[DESCRIPCIÓN]]
Name EJERCICIO: Resumen!$C$3
Name EJERCICIO_2: Resumen!$D$3
Name RowTitleRegion1..D12: Resumen!$B$11
Name TítuloDeColumna2: Activos[[#Headers],[DESCRIPCIÓN]]

Sheet Resumen
B2: BALANCE CONTABLE
C3: ="FY-"&YEAR(TODAY())-1 -> FY-2024 | D3: ="FY-"&YEAR(TODAY()) -> FY-2025
B4: TIPO DE ACTIVO | C4: AÑO ANTERIOR | D4: AÑO ACTUAL
B5: Activo circulante | C5: =SUMIFS(Activos[AÑO ANTERIOR],Activos[TIPO DE ACTIVO],Panel[[#This Row],[TIPO DE ACTIVO]])+SUMIFS(Deudas[AÑO ANTERIOR],Deudas[TIPO DE PASIVO],Panel[[#This Row],[TIPO DE ACTIVO]]) -> 3836 | D5: =SUMIFS(Activos[AÑO ACTUAL],Activos[TIPO DE ACTIVO],Panel[[#This Row],[TIPO DE ACTIVO]])+SUMIFS(Deudas[AÑO ACTUAL],Deudas[TIPO DE PASIVO],Panel[[#This Row],[TIPO DE ACTIVO]]) -> 3959.5
B6: Activo fijo | C6: =SUMIFS(Activos[AÑO ANTERIOR],Activos[TIPO DE ACTIVO],Panel[[#This Row],[TIPO DE ACTIVO]])+SUMIFS(Deudas[AÑO ANTERIOR],Deudas[TIPO DE PASIVO],Panel[[#This Row],[TIPO DE ACTIVO]]) -> 765 | D6: =SUMIFS(Activos[AÑO ACTUAL],Activos[TIPO DE ACTIVO],Panel[[#This Row],[TIPO DE ACTIVO]])+SUMIFS(Deudas[AÑO ACTUAL],Deudas[TIPO DE PASIVO],Panel[[#This Row],[TIPO DE ACTIVO]]) -> 737.4
B7: Otro activo | C7: =SUMIFS(Activos[AÑO ANTERIOR],Activos[TIPO DE ACTIVO],Panel[[#This Row],[TIPO DE ACTIVO]])+SUMIFS(Deudas[AÑO ANTERIOR],Deudas[TIPO DE PASIVO],Panel[[#This Row],[TIPO DE ACTIVO]]) -> 0 | D7: =SUMIFS(Activos[AÑO ACTUAL],Activos[TIPO DE ACTIVO],Panel[[#This Row],[TIPO DE ACTIVO]])+SUMIFS(Deudas[AÑO ACTUAL],Deudas[TIPO DE PASIVO],Panel[[#This Row],[TIPO DE ACTIVO]]) -> 0
B8: Pasivo circulante | C8: =SUMIFS(Activos[AÑO ANTERIOR],Activos[TIPO DE ACTIVO],Panel[[#This Row],[TIPO DE ACTIVO]])+SUMIFS(Deudas[AÑO ANTERIOR],Deudas[TIPO DE PASIVO],Panel[[#This Row],[TIPO DE ACTIVO]]) -> 3101 | D8: =SUMIFS(Activos[AÑO ACTUAL],Activos[TIPO DE ACTIVO],Panel[[#This Row],[TIPO DE ACTIVO]])+SUMIFS(Deudas[AÑO ACTUAL],Deudas[TIPO DE PASIVO],Panel[[#This Row],[TIPO DE ACTIVO]]) -> 3265.9
B9: Pasivo a largo plazo | C9: =SUMIFS(Activos[AÑO ANTERIOR],Activos[TIPO DE ACTIVO],Panel[[#This Row],[TIPO DE ACTIVO]])+SUMIFS(Deudas[AÑO ANTERIOR],Deudas[TIPO DE PASIVO],Panel[[#This Row],[TIPO DE ACTIVO]]) -> 203 | D9: =SUMIFS(Activos[AÑO ACTUAL],Activos[TIPO DE ACTIVO],Panel[[#This Row],[TIPO DE ACTIVO]])+SUMIFS(Deudas[AÑO ACTUAL],Deudas[TIPO DE PASIVO],Panel[[#This Row],[TIPO DE ACTIVO]]) -> 407
B10: Patrimonio Neto | C10: =SUMIFS(Activos[AÑO ANTERIOR],Activos[TIPO DE ACTIVO],Panel[[#This Row],[TIPO DE ACTIVO]])+SUMIFS(Deudas[AÑO ANTERIOR],Deudas[TIPO DE PASIVO],Panel[[#This Row],[TIPO DE ACTIVO]]) -> 1297 | D10: =SUMIFS(Activos[AÑO ACTUAL],Activos[TIPO DE ACTIVO],Panel[[#This Row],[TIPO DE ACTIVO]])+SUMIFS(Deudas[AÑO ACTUAL],Deudas[TIPO DE PASIVO],Panel[[#This Row],[TIPO DE ACTIVO]]) -> 1024
B11: ACTIVO TOTAL | C11: =Activos[[#Totals],[AÑO ANTERIOR]] -> 4601 | D11: =Activos[[#Totals],[AÑO ACTUAL]] -> 4696.9
B12: PASIVO TOTAL Y PATRIMONIO NETO | C12: =Deudas[[#Totals],[AÑO ANTERIOR]] -> 4601 | D12: =Deudas[[#Totals],[AÑO ACTUAL]] -> 4696.9
B13: BALANCE | C13: =C11-C12 -> 0 | D13: =D11-D12 -> 0

Sheet Activos
B2: ACTIVOS
D3: =EJERCICIO -> FY-2024 | E3: =EJERCICIO_2 -> FY-2025
B4: TIPO DE ACTIVO | C4: DESCRIPCIÓN | D4: AÑO ANTERIOR | E4: AÑO ACTUAL
B5: Activo circulante | C5: Efectivo | D5: 180 | E5: 422.5
B6: Activo circulante | C6: Inversiones | D6: 4 | E6: 29
B7: Activo circulante | C7: Existencias | D7: 875 | E7: 1087
B8: Activo circulante | C8: Cuentas por cobrar | D8: =136+2641 -> 2777 | E8: =2240+181 -> 2421
B9: Activo circulante | C9: Gastos prepagados
B10: Activo fijo | C10: Propiedad y equipos | D10: =47+689 -> 736 | E10: =55.4+653 -> 708.4
B11: Activo fijo | C11: Mejoras de arrendamiento
B12: Activo fijo | C12: Capital y otras inversiones | D12: 29 | E12: 29
B13: Activo fijo | C13: Menos amortización acumulada (valor negativo)
B14: Otro activo | C14: Beneficencia
B15: ACTIVO TOTAL | D15: =SUBTOTAL(109,Activos[AÑO ANTERIOR]) -> 4601 | E15: =SUBTOTAL(109,Activos[AÑO ACTUAL]) -> 4696.9

Sheet Deudas
B2: DEUDAS
D3: =EJERCICIO -> FY-2024 | E3: =EJERCICIO_2 -> FY-2025
B4: TIPO DE PASIVO | C4: DESCRIPCIÓN | D4: AÑO ANTERIOR | E4: AÑO ACTUAL
B5: Pasivo circulante | C5: Cuentas por pagar proveedores | D5: 1409 | E5: 1424
B6: Pasivo circulante | C6: Deudas a corto | D6: 1179 | E6: 1288
B7: Pasivo circulante | C7: Compensación acumulada
B8: Pasivo circulante | C8: Impuestos a pagar | D8: 74 | E8: 95.5
B9: Pasivo circulante | C9: otras deudas | D9: =92+347 -> 439 | E9: =366+92.4 -> 458.4
B10: Pasivo a largo plazo | C10: Hipoteca por pagar | D10: 203 | E10: 407
B11: Patrimonio Neto | C11: Capital de inversión | D11: 122 | E11: 122
B12: Patrimonio Neto | C12: Ganancias no distribuidas acumuladas | D12: =902+194+79 -> 1175 | E12: =867+35 -> 902
B13: PASIVO TOTAL Y PATRIMONIO NETO | D13: =SUBTOTAL(109,Deudas[AÑO ANTERIOR]) -> 4601 | E13: =SUBTOTAL(109,Deudas[AÑO ACTUAL]) -> 4696.9

Sheet Categorías
B2: CATEGORÍAS
B4: CATEGORÍAS
B5: Activo circulante
B6: Activo fijo
B7: Otro activo
B8: Pasivo circulante
B9: Pasivo a largo plazo
B10: Patrimonio Neto

Sheet Indicadores
C3: ="FY-"&YEAR(TODAY())-1 -> FY-2024 | D3: ="FY-"&YEAR(TODAY()) -> FY-2025
C4: AÑO ANTERIOR | D4: AÑO ACTUAL | F4: valores óptimos
B5: Endeudamiento (Dependencia financiera) | C5: =+(Resumen!C8+Resumen!C9)/Resumen!C12 -> 0.71810476 | D5: =+(Resumen!D8+Resumen!D9)/Resumen!D12 -> 0.78198386 | F5: 0,4-0,6
B6: Calidad de la deuda (Exigible a cp) | C6: =+Resumen!C8/(Resumen!C8+Resumen!C9) -> 0.93855932 | D6: =+Resumen!D8/(Resumen!D8+Resumen!D9) -> 0.88918838 | F6: 0,2-0,5
B7: Liquidez (solvencia a cp) | C7: =+Resumen!C5/Resumen!C8 -> 1.2370203 | D7: =+Resumen!D5/Resumen!D8 -> 1.2123764 | F7: 1,5-2
B8: Disponibilidad (capacidad de cubrir deudas) | C8: =+Activos!D5/Panel[[#This Row],[AÑO ANTERIOR]] -> 0.058045792 | D8: =+Activos!E5/Panel[[#This Row],[AÑO ACTUAL]] -> 0.1293671 | F8: 0,2-0,3
B9: Garantia (solvencia a lp) | C9: =+Resumen!C11/(Resumen!C8+Panel[[#This Row],[AÑO ANTERIOR]]) -> 1.3925545 | D9: =+Resumen!D11/(Resumen!D8+Panel[[#This Row],[AÑO ACTUAL]]) -> 1.2787988 | F9: 1,5-2
B10: Tesoreria (liquidez inmediata) | C10: =+(Activos!D5+Activos!D6)/Resumen!C8 -> 0.059335698 | D10: =+(Activos!E5+Activos!E6)/Resumen!D8 -> 0.13824673 | F10: 0,8-1,2
